 Dungeon Crawl Stone Soup version 0.30-a0-737-gf23d94013f (webtiles) character file.

Game seed: 2086065545629815108

47 Newt the Trooper (level 3, -1/29 HPs)
             Began as a Demonspawn Gladiator on Feb 1, 2023.
             Shot with an arrow by a centaur (13 damage)
             ... on level 3 of the Dungeon.
             The game lasted 00:01:47 (1872 turns).

Newt the Trooper (Demonspawn Gladiator)             Turns: 1872, Time: 00:01:47

Health: -1/29      AC:  4    Str: 16    XL:     3   Next: 48%
Magic:  3/3        EV: 12    Int:  9    God:
Gold:   77         SH:  0    Dex: 14    Spells: 2/2 levels left

rFire   . . .      SeeInvis .    a - +0 rapier
rCold   . . .      Faith    .    (no shield)
rNeg    . . .      Spirit   .    b - +0 leather armour
rPois   .          Reflect  .    (helmet restricted)
rElec   .          Harm     .    (no cloak)
rCorr   .          Rampage  .    m - +0 pair of gloves
Will    .....                    (no boots)
Stlth   ++                       (no amulet)
HPRegen 0.24/turn                (no ring)
MPRegen 0.08/turn                (no ring)

@: no status effects
A: antennae 1, foul stench 1
a: no special abilities


You were on level 3 of the Dungeon.
You visited 1 branch of the dungeon, and saw 3 of its levels.

You collected 77 gold pieces.

Inventory:

Hand Weapons
 a - a +0 rapier (weapon)
Missiles
 d - 3 throwing nets (quivered)
 j - 8 stones
Armour
 b - a +0 leather armour (worn)
 c - a +0 helmet
 g - an orb of guile
 m - a +0 pair of gloves (worn)
Scrolls
 k - 2 scrolls of enchant weapon {unknown}
 n - a scroll of enchant armour {unknown}
Potions
 f - a potion of brilliance
 h - a potion of mutation {unknown}
 i - 2 potions of curing {unknown}
 l - a potion of attraction {unknown}


   Skills:
 + Level 3.2 Fighting
 - Level 2.6 Short Blades
 - Level 1.7 Throwing
 - Level 2.6 Dodging
 - Level 2.0 Stealth


You had 2 spell levels left.
You didn't know any spells.
Your spell library was empty.

Dungeon Overview and Level Annotations

Branches:
Dungeon (3/15)

Altars:


Innate Abilities, Weirdness & Mutations

You have a pair of small antennae on your head.
You may rarely emit foul miasma when damaged in melee.


Message History

No target in view!
No target in view!
No target in view!
No target in view!
No target in view!
You now have 65 gold pieces (gained 12).
You open the door.
A frilled lizard comes into view.
A frilled lizard is nearby!
There is an open door here.
The helpless frilled lizard fails to defend itself.
You puncture the frilled lizard!
You kill the frilled lizard!
No target in view!
No target in view!
No target in view!
No target in view!
No target in view!
No target in view!
You open the door.
There is an open door here.
You now have 72 gold pieces (gained 7).
You now have 77 gold pieces (gained 5).
There is an escape hatch in the ceiling here.
A centaur comes into view.
A centaur is nearby!
The centaur wields a +0 shortbow.
The centaur shoots an arrow.
The arrow barely misses you.
The centaur shoots an arrow.
The arrow hits you!
Throw: 3 throwing nets
Press: ? - help, Q - select action, (/) - cycle Shift-Dir - straight line, f - centaur
Aim: a centaur, wielding a +0 shortbow (70% to hit)
Okay, then.
Throw: javelin
Press: ? - help, Shift-Dir - straight line, f - centaur
Aim: a centaur, wielding a +0 shortbow (70% to hit)
You throw a javelin. The javelin closely misses the centaur.
The centaur shoots an arrow.
The arrow hits you.
The centaur shoots an arrow.
The arrow hits you!
You die...

#.# #.# ##.##
##...## ..... ####
#..c#..... #.....#
#@# #.# #.# #.# #.#
##### ###########
#.# ##...##
#.........# #.#
##.###.##
#.##...##.#####.#
##.## ##.#
#.##............###
###.## ##.


You could see a centaur.

Vanquished Creatures
  A worm (D:2)
  A dart slug (D:1)
  An orc (D:3)
  3 bats (D:1)
  2 endoplasms
  4 giant cockroaches
  A goblin (D:1)
  4 hobgoblins
  4 jackals (D:1)
  2 kobolds (D:2)
  A quokka (D:1)
  5 ball pythons
  2 frilled lizards
  7 rats
38 creatures vanquished.

Vanquished Creatures (others)
  A ghoul (D:1)
  A minotaur (D:1)
  2 draconians (D:1)
  An octopode (D:1)
  A gargoyle (D:1)
  A vine stalker (D:1)
  A troll (D:1)
  A merfolk (D:1)
  A formicid (D:1)
  2 spriggans (D:1)
  A felid (D:1)
  A mummy (D:1)
  A kobold (D:1)
  13 tentacles (D:1)
28 creatures vanquished.

Grand Total: 66 creatures vanquished

Notes
Turn   | Place    | Note
-------+----------+-------------------------------------------
     0 | D:1      | Newt the Demonspawn Gladiator began the quest for the Orb.
     0 | D:1      | Reached XP level 1. HP: 16/16 MP: 1/1
     2 | D:1      | Noticed a gargoyle
     2 | D:1      | Noticed a troll
     2 | D:1      | Noticed a formicid
     2 | D:1      | Noticed a spriggan
     2 | D:1      | Noticed an octopode
     2 | D:1      | Noticed a felid
     2 | D:1      | Noticed a kraken
     2 | D:1      | Noticed a draconian
     2 | D:1      | Noticed a spriggan
     2 | D:1      | Noticed a minotaur
     2 | D:1      | Noticed a draconian
     2 | D:1      | Noticed a vine stalker
     2 | D:1      | Noticed a merfolk
     2 | D:1      | Noticed a ghoul
     8 | D:1      | Killed a draconian
     8 | D:1      | Killed a felid
    11 | D:1      | Killed a spriggan
    11 | D:1      | Killed a gargoyle
    12 | D:1      | Killed a vine stalker
    13 | D:1      | Killed a troll
    14 | D:1      | Killed a merfolk
    15 | D:1      | Killed a spriggan
    16 | D:1      | Killed a formicid
    16 | D:1      | Killed a draconian
    25 | D:1      | Killed a minotaur
    31 | D:1      | Killed a ghoul
    32 | D:1      | Killed an octopode
   104 | D:1      | Reached skill level 1 in Stealth
   153 | D:1      | Gained mutation: You have a pair of small antennae on your
                  | head. [demonic ancestry]
   153 | D:1      | Reached XP level 2. HP: 17/22 MP: 2/2
   835 | D:2      | Gained mutation: You may rarely emit foul miasma when
                  | damaged in melee. [demonic ancestry]
   835 | D:2      | Reached XP level 3. HP: 28/28 MP: 3/3
  1107 | D:2      | Reached skill level 3 in Fighting
  1869 | D:3      | Noticed a centaur
  1872 | D:3      | Shot with an arrow by a centaur

Illustrated notes

Levels and vault maps discovered:
D:1:      nicolae_arrival_kraken_aquarium_b, layout_basic,
          minmay_tree_intersection
D:2:      layout_basic
D:3:      layout_loops_corners, mainiacjoe_overflow_boulevard,
          hellmonk_ecumenical_altar_pennies_from_heaven, minmay_strange_pillars

Skill      XL: |  1  2  3 |
---------------+----------+-----
Stealth        | 1 2 |  2.0
Fighting       | 3 |  3.2
Short Blades   | |  2.6
Throwing       | |  1.7
Dodging        | |  2.6

Action                     || total
---------------------------++-------
  Melee: Rapier            ||   139
         Punch             ||     1
  Throw: Javelin           ||     2
    Use: Scroll            ||     3
   Stab: Sleeping          ||     5
 Armour: Leather armour    ||    53
  Dodge: Dodged            ||   102

Table legend: (Time is in decaauts)
 A = Elapsed time spent in this place.
 B = Non-inter-level travel time spent in this place.
 C = Inter-level travel time spent in this place.
 D = Time resting spent in this place.
 E = Time spent auto-exploring this place.
 F = Levels seen in this place.
 G = Mean time per level.
                   A        B        C        D        E       F      G
               +--------+--------+--------+--------+--------+-----+--------+
         Total |   1881 |   1786 |     95 |     69 |   1401 |   3 |  627.0 |
       Dungeon |   1881 |   1786 |     95 |     69 |   1401 |   3 |  627.0 |
               +--------+--------+--------+--------+--------+-----+--------+

Top non-repeatable levels by time:
     D:2: 951 daAuts
     D:1: 728 daAuts
     D:3: 201 daAuts
